 Dungeon Crawl Stone Soup version 0.31.0-32-g396128a36d (webtiles) character file.

Game seed: 2203764067637109434

672 Wojchek the Changeling (level 7, -4/48 HPs)
             Began as an Octopode Shapeshifter on Mar 11, 2024.
             Was an Initiate of Gozag.
             Slain by a gnoll
             ... wielding a +0 halberd
             ... led by a gnoll sergeant
              (15 damage)
             ... on level 5 of the Dungeon.
             The game lasted 00:05:34 (3343 turns).

Wojchek the Changeling (Octopode Shapeshifter)      Turns: 3343, Time: 00:05:34

Health: -4/48      AC:  1    Str: 13    XL:     7   Next: 58%
Magic:  7/7        EV: 17    Int: 14    God:    Gozag
Gold:   328        SH:  0    Dex: 12    Spells: 6/6 levels left

rFire   + .          .
                       - Unarmed
rCold   . . .        (shield currently unavailable)
rNeg    . . .        (helmet restricted)
rPois   .            (no amulet)
rElec   .            Z - ring of wizardry
rCorr   .            Y - +4 ring of slaying
SInv    .            C - ring of protection from cold
Will    .....        F - ring of fire
Stlth   +            (no ring)
HPRegen 0.28/turn    (no ring)
MPRegen 0.10/turn    (no ring)
                     (no ring)

%: wizardry (x1)
@: flux-form, glowing
A: glow, contaminating, almost no armour, amphibious, 8 rings, camouflage 1,
gelatinous body 1, (nimble swimmer 1), tentacles
a: Begin Untransformation, Renounce Religion, Potion Petition, Call Merchant,
Bribe Branch


You were on level 5 of the Dungeon.
You worshipped Gozag.
Gozag was aware of your devotion.
You were something dangerously unstable.
You visited 1 branch of the dungeon, and saw 5 of its levels.

You collected 369 gold pieces.
You paid 41 gold pieces to Gozag.


Innate Abilities, Weirdness & Mutations

You are something dangerously unstable.
You glow with magical radiation, making you easy to see and hit.
Foes you strike become dangerously contaminated with magical radiation.
You are incapable of wielding weapons or throwing items.
You cannot wear most types of armour.
You are amphibious.
You can wear up to eight rings at the same time.
Your skin changes colour to match your surroundings (Stealth+).
Your rubbery body absorbs attacks. (AC +1, EV +1)
((You are camouflaged when in or above water. (Stealth+)))
You have tentacles for arms and can constrict up to eight enemies at once.


   Skills:
 + Level 4.1 Fighting
 + Level 2.1 Dodging
 - Level 3.0 Unarmed Combat
 - Level 7.0 Shapeshifting


You had 6 spell levels left.
You didn't know any spells.
Your spell library contained the following spells:

 Spells                   Type           Power      Damage    Failure   Level
 Apportation              Tloc           0%         N/A       12%         1
 Necrotise                Necr           0%         1d4       12%         1
 Sting                    Conj/Alch      0%         1d3       12%         1
 Summon Small Mammal      Summ           0%         N/A       12%         1
 Jinxbite                 Hex            0%         N/A       17%         2
 Alistair's Intoxication  Alch           0%         N/A       95%         5
 Summon Forest            Summ/Tloc      0%         N/A       95%         5
 Eringya's Noxious Bog    Alch           0%         4d6       100%        6
 Summon Hydra             Summ           0%         N/A       100%        7

Inventory:

Missiles
 j - 25 poisoned darts (quivered)
Jewellery
 C - a ring of protection from cold (on tentacle)
 F - a ring of fire (on tentacle)
 Y - a +4 ring of slaying (right tentacle)
 Z - a ring of wizardry (left tentacle)
Talismans
 b - a beast talisman
 c - a flux talisman (active)
Scrolls
 f - 3 scrolls of teleportation {unknown}
 h - a scroll of torment {unknown}
 i - 2 scrolls of summoning {unknown}
 m - a scroll of noise {unknown}
 n - a scroll of acquirement {unknown}
 o - a scroll of fog {unknown}
 p - a scroll of blinking
 r - a scroll of vulnerability {unknown}
Potions
 a - 2 potions of lignification
 d - a potion of curing {@q1}
 e - 2 potions of resistance
 g - 3 potions of brilliance
 k - a potion of cancellation
 l - a potion of haste {@q3}
 q - a potion of attraction

Dungeon Overview and Level Annotations

Branches:
Dungeon (5/15)
 Temple: D:4-7

Altars:
Cheibriados
Elyvilon
Gozag
Okawaru
Vehumet

Shops:
D:5

[*
▒......###.............##.
▒.........................
▒...............#..######.
▒......)........##.#####
.................#..##.# .
.....#.))..^......(....#..
.....####...<.#.......∩...
#....#....g####<#....##...
#.......$p.# #..#.....####
# $.#.....#####.#.?.#..#..
#...$###......###.....
#..........### ##...).
##.....#....####......
##....#.#....###.....
##.∩......[..###.....
#.........##..[......
#..#...####....##....


You could see a gnoll (contam).


Message History

Things that are here:
5 gold pieces; a +1 spear of freezing; a +0 scale mail The gnoll shouts!
The gnoll completely misses you. The gnoll misses you.
You tentacle-slap the gnoll but do no damage.
The gnoll begins to glow.
You grab the gnoll. You squeeze the gnoll.
The gnoll is moderately wounded.
You constrict the gnoll, but do no damage.
The gnoll misses you.
The gnoll hits you from afar with a +0 halberd!
You tentacle-slap the gnoll.
The gnoll glows dangerously bright.
The gnoll is moderately wounded.
You constrict the gnoll, but do no damage.
The gnoll hits you with a +0 halberd!
* * * LOW HITPOINT WARNING * * *
The gnoll hits you from afar with a +0 halberd!
* * * LOW HITPOINT WARNING * * *
You tentacle-slap the gnoll.
The gnoll shudders as magic cascades through it!!
You kill the gnoll!
The gnoll closely misses you.
Unknown command.
Found 3 gold pieces.
The gnoll misses you.
Unknown command.
You tentacle-slap the gnoll.
The gnoll begins to glow.
You grab the gnoll. You squeeze the gnoll!
The gnoll is severely wounded.
You constrict the gnoll. The gnoll hits you with a +0 halberd!
You die...
Your body crumbles into a pile of gold.

Skill      XL: |  1  2  3  4  5  6  7 |
---------------+----------------------+-----
Fighting       | 2 4 |  4.1
Shapeshifting  | 5 6 7 |  7.0
Dodging        | |  2.1
Unarmed Combat | |  3.0

Action                     |  1- 3 |  4- 6 |  7- 9 || total
---------------------------+-------+-------+-------++-------
  Melee: Unarmed           |    72 |   107 |    20 ||   199
         Constrict         |    21 |    28 |     8 ||    57
         Tentacles         |    11 |    23 |     3 ||    37
         Punch             |     3 |     4 |       ||     7
    Use: Scroll            |       |     7 |     1 ||     8
   Stab: Sleeping          |     7 |     5 |       ||    12
 Armour: Skin              |    23 |    30 |     8 ||    61
  Dodge: Dodged            |    44 |    66 |    19 ||   129
   Form: Flux              |       |       |     1 ||     1

Levels and vault maps discovered:
D:1:      onia_arrival_mini_spirals, layout_basic,
          shapermc_ecumenical_altar_mp_highgroup, minmay_hexomino_r4
D:2:      layout_rooms, uniq_robin
D:3:      layout_basic, minitemple
D:4:      layout_loops_ring, uniq_grinder
D:5:      layout_cave_pools, serial_shops, nicolae_shop_statue_plus, shop,
          shop_fountains, shop, kennysheep_generic_room_2

Notes
Turn   | Place    | Note
-------+----------+-------------------------------------------
     0 | D:1      | Wojchek the Octopode Shapeshifter began the quest for the
                  | Orb.
     0 | D:1      | Reached XP level 1. HP: 13/13 MP: 1/1
   128 | D:1      | Reached skill level 2 in Fighting
   128 | D:1      | Reached XP level 2. HP: 13/19 MP: 2/2
   273 | D:1      | Found a faded altar of an unknown god.
   277 | D:1      | Reached XP level 3. HP: 25/25 MP: 3/3
   408 | D:1      | Reached skill level 3 in Fighting
  1168 | D:2      | Reached skill level 4 in Fighting
  1168 | D:2      | Reached XP level 4. HP: 33/33 MP: 4/4
  1184 | D:2      | Reached XP level 5. HP: 34/37 MP: 5/5
  1306 | D:2      | Noticed Robin
  1308 | D:2      | Reached skill level 4 in Shapeshifting
  1315 | D:2      | Killed Robin
  2108 | D:3      | Found a white marble altar of Elyvilon.
  2114 | D:3      | Found a snail-covered altar of Cheibriados.
  2116 | D:3      | Found an opulent altar of Gozag.
  2119 | D:3      | Found a radiant altar of Vehumet.
  2120 | D:3      | Found an iron altar of Okawaru.
  2127 | D:3      | Became a worshipper of Gozag Ym Sagoz the Greedy
  2360 | D:4      | Reached skill level 5 in Shapeshifting
  2360 | D:4      | Reached XP level 6. HP: 38/43 MP: 6/6
  2372 | D:4      | Identified 2 potions of resistance
  2975 | D:4      | Noticed Grinder
  2999 | D:4      | Killed Grinder
  3000 | D:4      | Reached skill level 6 in Shapeshifting
  3000 | D:4      | Reached XP level 7. HP: 41/48 MP: 7/7
  3225 | D:5      | Entered Level 5 of the Dungeon
  3277 | D:5      | Found Hidwosesh's Assorted Antiques.
  3322 | D:5      | Found Wesisk's Antique Armour Boutique.
  3335 | D:5      | Reached skill level 7 in Shapeshifting
  3343 | D:5      | Slain by a gnoll

Vanquished Creatures
  Grinder (D:4)
  A gnoll sergeant (D:5)
  2 hounds (D:4)
  2 bombardier beetles
  2 orc priests (D:2)
  A sleepcap (D:4)
  An orc wizard (D:4)
  Robin (D:2)
  A gnoll (D:5)
  4 adders
  4 dart slugs
  A ribbon worm (D:2)
  12 orcs
  10 endoplasms
  3 giant cockroaches
  17 goblins
  3 hobgoblins
  8 jackals
  4 quokkas
  9 ball pythons
  9 bats
  A frilled lizard (D:2)
  5 kobolds
  5 rats
107 creatures vanquished.

Table legend: (Time is in decaauts)
 A = Elapsed time spent in this place.
 B = Non-inter-level travel time spent in this place.
 C = Inter-level travel time spent in this place.
 D = Time resting spent in this place.
 E = Time spent auto-exploring this place.
 F = Levels seen in this place.
 G = Mean time per level.
                   A        B        C        D        E       F      G
               +--------+--------+--------+--------+--------+-----+--------+
         Total |   3330 |   3203 |    127 |    190 |   2381 |   5 |  666.0 |
       Dungeon |   3330 |   3203 |    127 |    190 |   2381 |   5 |  666.0 |
               +--------+--------+--------+--------+--------+-----+--------+

Top non-repeatable levels by time:
     D:1: 988 daAuts
     D:4: 869 daAuts
     D:3: 776 daAuts
     D:2: 578 daAuts
     D:5: 116 daAuts

Table legend:
 A = Non-vault XP
 B = Vault XP
 C = Vault XP percentage of total XP
 D = Non-vault monster count
 E = Vault monster count
 F = Vault count percentage of total count
                 A         B        C        D         E       F
            +---------+---------+-------+---------+---------+-------
      Total |     647 |     313 |  32.6 |      91 |      16 |  15.0
            +---------+---------+-------+---------+---------+-------
        D:1 |      42 |       4 |   8.7 |      22 |       3 |  12.0
        D:2 |     145 |      37 |  20.3 |      22 |      12 |  35.3
        D:3 |      86 |       0 |   0.0 |      18 |       0 |   0.0
        D:4 |     257 |     272 |  51.4 |      22 |       1 |   4.3
        D:5 |     117 |       0 |   0.0 |       7 |       0 |   0.0
            +---------+---------+-------+---------+---------+-------
